 Dungeon Crawl Stone Soup version 0.24.0-13-gcf9b319 (webtiles) character file.

Game seed: 15724607102173271147, levelgen mode: deterministic

42 qdestroyer the Chopper (level 3, 0/33 HPs)
             Began as a Minotaur Berserker on Apr 13, 2020.
             Was a Believer of Trog.
             Killed by divine providence
             ... invoked by an orc priest
              (12 damage)
             ... on level 3 of the Dungeon.
             The game lasted 00:03:04 (1438 turns).

qdestroyer the Chopper (Minotaur Berserker)         Turns: 1438, Time: 00:03:04

Health: 0/33       AC: 10    Str: 22    XL:     3   Next: 33%
Magic:  2/2        EV:  8    Int:  4    God:    Trog [**....]
Gold:   93         SH:  0    Dex:  9    Spells: 2/2 levels left

rFire    . . .     SeeInvis .   a - +0 hand axe
rCold    . . .     Gourm    .   (no shield)
rNeg     . . .     Faith    .   e - +0 chain mail
rPois    .         Spirit   .   (helmet restricted)
rElec    .         Reflect  .   (no cloak)
rCorr    .         Harm     .   l - +0 pair of gloves
MR       ++...                  (no boots)
Stlth    ..........             (no amulet)
HPRegen  1.11/turn              (no ring)
MPRegen  0.08/turn              (no ring)

@: regenerating
A: retaliatory headbutt, horns 2
a: Berserk, Trog's Hand, Renounce Religion


You were on level 3 of the Dungeon.
You worshipped Trog.
Trog was pleased with you.
You were very hungry.

You visited 1 branch of the dungeon, and saw 3 of its levels.

You collected 93 gold pieces.

Inventory:

Hand Weapons
 a - a +0 hand axe (weapon)
Armour
 e - a +0 chain mail (worn)
 l - a +0 pair of gloves (worn)
Scrolls
 d - a scroll of identify
 h - a scroll of immolation {unknown}
Potions
 b - a potion of resistance
 f - a potion of might {unknown}
 g - a potion of curing {unknown}
 j - a potion of degeneration {unknown}
Comestibles
 c - 3 rations


   Skills:
 + Level 4.2 Fighting
 + Level 4.5 Axes
 + Level 2.8 Armour
 + Level 2.5 Dodging


You had 2 spell levels left.
You didn't know any spells.
Your spell library was empty.

Dungeon Overview and Level Annotations

Branches:
Dungeon (3/15)

Altars:
Trog


Innate Abilities, Weirdness & Mutations

You reflexively headbutt those who attack you in melee.
You have a pair of horns on your head.


Message History

You hit the orc priest but do no damage.
The orc priest calls upon Beogh to heal the orc wizard.
The orc wizard is healed somewhat.
The orc hits you with a +0 trident.
The orc wizard casts a cantrip, but nothing happens.
The orc priest closely misses you. You furiously retaliate!
You headbutt the orc priest.
The orc priest calls upon Beogh to heal the orc wizard.
The orc wizard's wounds heal themselves!
You hit the orc priest.
The orc priest is severely wounded.
You hit the orc priest.
You hit the orc wizard but do no damage.
You hit the orc.
You feel the effects of Trog's Hand fading.
The orc hits you with a +0 trident.
The orc wizard gestures at you while chanting.
The puff of frost hits you but does no damage.
The orc priest mumbles some strange prayers to Beogh against you.
Beogh smites you!
You die...

.... ###... ..
..#..# ..
....## #.# #
###.... ..#..
..... .g...
..####..###..#
<.......#.o.###
#####...o@o.S.#
#.....#o###....
.........o# .
###....#.##
##.....#
#..##### ....
.#.


You could see 2 orc priests, an orc wizard, an adder, 2 orcs and a hobgoblin.

Vanquished Creatures
  A dart slug (D:2)
  8 bats
  3 giant cockroaches
  6 hobgoblins
  4 kobolds
  A quokka (D:2)
  5 frilled lizards
  5 goblins
  6 rats
39 creatures vanquished.

Notes
Turn   | Place    | Note
-------+----------+-------------------------------------------
     0 | D:1      | qdestroyer the Minotaur Berserker began the quest for the
                  | Orb.
     0 | D:1      | Reached XP level 1. HP: 19/19 MP: 0/0
   214 | D:1      | Reached XP level 2. HP: 26/27 MP: 1/1
   701 | D:1      | Reached ** piety under Trog
   871 | D:2      | Reached XP level 3. HP: 31/33 MP: 2/2
  1073 | D:2      | Found a bloodstained altar of Trog.
  1438 | D:3      | Killed from afar by an orc priest

Levels and vault maps discovered:
D:1:      psy_arrival_radial02, layout_basic
D:2:      layout_basic, lightli_temple_of_fire, first_ration, minivault_4,
          minmay_fountain_box, chequers_big_river
D:3:      layout_rooms, item_on_display_a, uniq_grinder

Skill      XL: |  1  2 |
---------------+-------+-----
Axes           | 4 |  4.5
Fighting       | 4 |  4.2
Armour         | |  2.8
Dodging        | |  2.5

Action                   || total
-------------------------++-------
Melee: Hand axe          ||    82
       Headbutt          ||     8
Invok: Trog's Hand       ||     1
  Use: Scroll            ||     6
  Eat: Chunk             ||     1
Armor: Chain mail        ||    53
Dodge: Dodged            ||    44
